 Dungeon Crawl Stone Soup version 0.21-a0-331-gfb491b4 (webtiles) character file.

132 4thArraOfDagon the Poker (level 5, 0/37 HPs)
             Began as a Gnoll Wanderer on Oct 2, 2017.
             Was an Initiate of Ru.
             Slain by a jelly (2 damage)
             ... on level 5 of the Dungeon.
             The game lasted 00:04:30 (848 turns).

4thArraOfDagon the Poker (Gnoll Wanderer)            Turns: 848, Time: 00:04:30

Health: 0/37       AC:  5    Str: 13    XL:     5   Next: 15%
Magic:  7/7        EV: 12    Int: 15    God:    Ru [......]
Gold:   83         SH:  0    Dex: 16    Spells: 6/6 levels left

rFire    . . .     SeeInvis .   a - +2 spear
rCold    . . .     Gourm    .   (no shield)
rNeg     + . .     Faith    .   h - +0 ring mail
rPois    .         Spirit   .   (no helmet)
rElec    .         Reflect  .   (no cloak)
rCorr    .         Harm     .   (no gloves)
MR       +....                  (no boots)
Stlth    ++........             (no amulet)
HPRegen  0.12/turn              r - ring of positive energy
MPRegen  0.10/turn              q - ring of protection from magic

@: no status effects
A: distributed training, fangs 1, strong nose
a: Renounce Religion


You were on level 5 of the Dungeon.
You worshipped Ru.
Ru was noncommittal.
You were not hungry.

You visited 1 branch of the dungeon, and saw 5 of its levels.

You collected 105 gold pieces.
You spent 22 gold pieces at shops.

Inventory:

Hand Weapons
 a - a +2 spear (weapon)
Missiles
 o - 2 exploding tomahawks (quivered)
Armour
 d - a +0 robe
 h - a +0 ring mail (worn)
Jewellery
 k - an uncursed ring of flight
 q - a ring of protection from magic (right hand)
 r - a ring of positive energy (left hand)
Wands
 t - a wand of enslavement (14/24)
Scrolls
 e - 3 scrolls of amnesia {unknown}
 j - a scroll of immolation {unknown}
 s - 2 scrolls of remove curse {unknown}
Potions
 b - a potion of curing
 g - a potion of mutation {unknown}
 i - a potion of lignification {unknown}
 m - a potion of heal wounds {unknown}
 n - a potion of flight {unknown}
 p - a potion of haste
Books
 c - the Compendium of Transmigration

   Spells                             Type                      Level
   a - Beastly Appendage              Transmutation                1
   b - Ignite Poison                  Fire/Transmutation/Poison    3
Comestibles
 f - 2 bread rations
 l - 2 meat rations


   Skills:
 + Level 1.3 Fighting
 + Level 1.3 Short Blades
 + Level 1.3 Long Blades
 + Level 1.3 Axes
 + Level 1.3 Maces & Flails
 + Level 6.6 Polearms
 + Level 1.3 Staves
 + Level 1.3 Slings
 + Level 1.3 Bows
 + Level 1.3 Crossbows
 + Level 2.9 Throwing
 + Level 1.3 Armour
 + Level 2.9 Dodging
 + Level 2.7 Stealth
   Level 0.0 Stabbing
 + Level 1.3 Shields
   Level 0.0 Traps
 + Level 1.3 Unarmed Combat
 + Level 1.3 Spellcasting
 + Level 1.3 Conjurations
 + Level 1.3 Hexes
 + Level 1.3 Charms
 + Level 1.3 Summonings
 + Level 2.9 Necromancy
 + Level 1.3 Translocations
 + Level 4.7 Transmutations
 + Level 1.3 Fire Magic
 + Level 1.3 Ice Magic
 + Level 1.3 Air Magic
 + Level 1.3 Earth Magic
 + Level 1.3 Poison Magic
 + Level 1.3 Invocations
 + Level 2.9 Evocations


You had 6 spell levels left.
You didn't know any spells.

Dungeon Overview and Level Annotations

Branches:
Dungeon (5/15)
 Temple: D:4-7

Altars:
Dithmenos
Elyvilon
Fedhas
Gozag
Kikubaaqudgha
Nemelex Xobeh
Qazlal
Ru
Trog
The Shining One

Shops:
D:4 *

Annotations:
D:3 4thArraOfDagon's ghost, weakling GnWn
D:4 tidbits's ghost, amateur GnSk
D:5 Dowan; Duvessa


Innate Abilities, Weirdness & Mutations

Your experience applies equally to all skills.
You have very sharp teeth.
Your uncanny sense of smell can sniff out nearby items.


Message History

Found 3 scrolls labeled MUHONG YSODGH.
Unknown command.
Unknown command.
There is a stone staircase leading down here.
Unknown command.
The jackal barely misses you.
Unknown command.
The jelly jiggles.
Unknown command.
Duvessa, Sister of Dowan comes into view.
She is wielding a short sword.
Duvessa shouts!
Found a glowing shield.
Dowan, Brother of Duvessa comes into view.
He is wielding a dagger of flaming.
The jackal bites you.
* * * LOW HITPOINT WARNING * * *
The jackal bites you but does no damage.
Duvessa says, "Where magic fails, the sword succeeds!"
Unknown command.
The jelly hits you.
You die...

.....###.# #
#.....#.#
.[#......<#
≈.........#
≈≈...###..#
#≈≈...#>..#
#≈.....####
#≈..##.J..###
#≈? #.h@...#
#≈.[e...#####
#≈...e.##
#≈...###
#≈... #≈≈...
≈≈... ≈###.


You could see Duvessa, Dowan, a jelly and a jackal.

Vanquished Creatures
  Natasha (thrice) (D:2)
  An adder (D:3)
  A worm (D:2)
  A dart slug (D:2)
  A leopard gecko (D:1)
  3 orcs
  2 giant cockroaches
  5 goblins
  7 hobgoblins
  7 bats
  4 frilled lizards
  2 kobolds
  A rat (D:3)
38 creatures vanquished.

Notes
Turn   | Place    | Note
-------+----------+-------------------------------------------
     0 | D:1      | 4thArraOfDagon the Gnoll Wanderer began the quest for the Orb.
     0 | D:1      | 4thArraOfDagon set off with: a +2 spear, a potion of curing, the Compendium of Transmigration, a +0 robe, a bread ration
     0 | D:1      | Reached XP level 1. HP: 13/13 MP: 2/2
    49 | D:1      | Reached XP level 2. HP: 18/19 MP: 3/3
   186 | D:1      | You fall through a shaft!
   225 | D:2      | Noticed Natasha
   239 | D:2      | Killed Natasha
   239 | D:2      | Reached XP level 3. HP: 19/25 MP: 4/4
   298 | D:2      | Noticed Natasha
   312 | D:2      | Killed Natasha
   312 | D:2      | Reached skill level 1 in Fighting
   312 | D:2      | Reached skill level 1 in Short Blades
   312 | D:2      | Reached skill level 1 in Long Blades
   312 | D:2      | Reached skill level 1 in Axes
   312 | D:2      | Reached skill level 1 in Maces & Flails
   312 | D:2      | Reached skill level 1 in Staves
   312 | D:2      | Reached skill level 1 in Slings
   312 | D:2      | Reached skill level 1 in Bows
   312 | D:2      | Reached skill level 1 in Crossbows
   312 | D:2      | Reached skill level 1 in Armour
   312 | D:2      | Reached skill level 1 in Shields
   312 | D:2      | Reached skill level 1 in Unarmed Combat
   312 | D:2      | Reached skill level 1 in Spellcasting
   312 | D:2      | Reached skill level 1 in Conjurations
   312 | D:2      | Reached skill level 1 in Hexes
   312 | D:2      | Reached skill level 1 in Charms
   312 | D:2      | Reached skill level 1 in Summonings
   312 | D:2      | Reached skill level 1 in Translocations
   312 | D:2      | Reached skill level 1 in Fire Magic
   312 | D:2      | Reached skill level 1 in Ice Magic
   312 | D:2      | Reached skill level 1 in Air Magic
   312 | D:2      | Reached skill level 1 in Earth Magic
   312 | D:2      | Reached skill level 1 in Poison Magic
   312 | D:2      | Reached skill level 1 in Invocations
   312 | D:2      | Reached XP level 4. HP: 10/32 MP: 4/6
   492 | D:2      | Noticed Natasha
   494 | D:2      | Found an ancient bone altar of Kikubaaqudgha.
   519 | D:2      | Killed Natasha
   520 | D:2      | Found a sparkling altar of Nemelex Xobeh.
   524 | D:2      | Found a blossoming altar of Fedhas.
   526 | D:2      | Found a glowing golden altar of the Shining One.
   526 | D:2      | Found a white marble altar of Elyvilon.
   526 | D:2      | Found an opulent altar of Gozag.
   527 | D:2      | Found a stormy altar of Qazlal.
   528 | D:2      | Found a shadowy altar of Dithmenos.
   529 | D:2      | Found a bloodstained altar of Trog.
   532 | D:2      | Found a sacrificial altar of Ru.
   533 | D:2      | :(
   535 | D:2      | Became a worshipper of Ru the Awakened
   614 | D:3      | Reached XP level 5. HP: 25/37 MP: 7/7
   649 | D:3      | Noticed 4thArraOfDagon's ghost (weakling GnWn)
   771 | D:4      | Noticed tidbits's ghost (amateur GnSk)
   783 | D:4      | Found Buizudiw's General Store.
   789 | D:4      | Bought a scroll of identify for 22 gold pieces
   789 | D:4      | :(
   807 | D:4      | Noticed an ogre
   840 | D:5      | Entered Level 5 of the Dungeon
   846 | D:5      | Noticed Duvessa
   847 | D:5      | Noticed Dowan
   848 | D:5      | Slain by a jelly

Vault maps used:
D:1:      lightli_arrival_statue_moat, serial_forest,
          infiniplex_forest_clump_diagonal, infiniplex_forest_clump_double,
          infiniplex_forest_clump_curved, infiniplex_forest_lined_4_way,
          infiniplex_forest_clump_curved, infiniplex_forest_lined_room_2,
          infiniplex_forest_clump_curved
D:2:      minitemple, serial_bayou_pond_d, minmay_misc_feat_doors, uniq_natasha
D:3:      first_bread, portal_sewer_entry_e, uniq_ijyb
D:4:      serial_shops, shop, grunt_ministairs_1
D:5:      serial_shops, shop_statue, water_maze_lemuel, uniq_grinder,
          uniq_duvessa

Skill      XL: |  1  2  3 |
---------------+----------+-----
Fighting       | 1 |  1.3
Short Blades   | 1 |  1.3
Long Blades    | 1 |  1.3
Axes           | 1 |  1.3
Maces & Flails | 1 |  1.3
Staves         | 1 |  1.3
Slings         | 1 |  1.3
Bows           | 1 |  1.3
Crossbows      | 1 |  1.3
Armour         | 1 |  1.3
Shields        | 1 |  1.3
Unarmed Combat | 1 |  1.3
Spellcasting   | 1 |  1.3
Conjurations   | 1 |  1.3
Hexes          | 1 |  1.3
Charms         | 1 |  1.3
Summonings     | 1 |  1.3
Translocations | 1 |  1.3
Fire Magic     | 1 |  1.3
Ice Magic      | 1 |  1.3
Air Magic      | 1 |  1.3
Earth Magic    | 1 |  1.3
Poison Magic   | 1 |  1.3
Invocations    | 1 |  1.3
Polearms       | |  6.6
Throwing       | |  2.9
Dodging        | |  2.9
Stealth        | |  2.7
Necromancy     | |  2.9
Transmutations | |  4.7
Evocations     | |  2.9

Action                   |  1- 3 |  4- 6 || total
-------------------------+-------+-------++-------
Melee: Spear             |    55 |    77 ||   132
       Bite              |     4 |     9 ||    13
  Use: Potion            |     1 |       ||     1
       Scroll            |       |     2 ||     2
 Stab: Sleeping          |     3 |     5 ||     8
       Distracted        |     1 |       ||     1
Armor: Robe              |     1 |       ||     1
       Ring mail         |     9 |    23 ||    32
Dodge: Dodged            |    11 |    42 ||    53

Table legend:
 A = Spawn XP
 B = Non-spawn XP
 C = Spawn XP percentage of total XP
 D = Spawn monster count
 E = Non-spawn monster count
 F = Spawn count percentage of total count
 G = Total turns spent on level
                    A         B        C        D         E        F      G
               +---------+---------+-------+---------+---------+-------+---------
         Total |       0 |     189 |   0.0 |       0 |      38 |   0.0 |   848
               +---------+---------+-------+---------+---------+-------+---------
           D:1 |       0 |      17 |   0.0 |       0 |      10 |   0.0 |   186
           D:2 |       0 |     131 |   0.0 |       0 |      13 |   0.0 |   377
           D:3 |       0 |      31 |   0.0 |       0 |      11 |   0.0 |   145
           D:4 |       0 |      10 |   0.0 |       0 |       4 |   0.0 |   132
               +---------+---------+-------+---------+---------+-------+---------
